 Dungeon Crawl Stone Soup version 0.24.0-1-gfbc8707122 (webtiles) character file.

Game seed: 14834067761656586241, levelgen mode: deterministic

1293 Curus the Basher (level 8, -8/96 HPs)
             Began as a Minotaur Berserker on Oct 27, 2019.
             Was an Elder of Trog.
             Mangled by an orc warrior
             ... wielding a +0 trident
              (13 damage)
             ... on level 6 of the Dungeon.
             The game lasted 00:23:49 (3611 turns).

Curus the Basher (Minotaur Berserker)               Turns: 3611, Time: 00:23:49

Health: -8/96      AC: 14    Str: 26    XL:     8   Next: 30%
Magic:  7/7        EV:  8    Int:  6    God:    Trog [****..]
Gold:   128        SH:  0    Dex: 13    Spells: 7/7 levels left

rFire    . . .     SeeInvis .   o - +0 flail (freeze)
rCold    . . .     Gourm    .   (no shield)
rNeg     . . .     Faith    .   t - +0 plate armour
rPois    +         Spirit   .   (helmet restricted)
rElec    .         Reflect  .   (no cloak)
rCorr    .         Harm     .   (no gloves)
MR       .....     Rnd*Tele +   r - +2 pair of boots
Stlth    ..........             k - amulet of regeneration
HPRegen  0.66/turn              p - ring of teleportation (curse)
MPRegen  0.10/turn              j - ring of poison resistance

@: berserking, very quick
A: retaliatory headbutt, fangs 1, horns 2, agile 1, wild magic 1
a: Berserk, Trog's Hand, Brothers in Arms, Renounce Religion


You were on level 6 of the Dungeon.
You worshipped Trog.
Trog was greatly pleased with you.
You were hungry.

You visited 1 branch of the dungeon, and saw 6 of its levels.

You collected 328 gold pieces.
You spent 200 gold pieces at shops.

Inventory:

Hand Weapons
 a - a +0 mace
 n - a +0 whip of venom
 o - a +0 flail of freezing (weapon)
Armour
 b - a +0 animal skin
 d - a +0 leather armour
 f - a +0 chain mail
 r - a +2 pair of boots (worn)
 t - a +0 plate armour (worn)
Jewellery
 e - an uncursed ring of protection from fire
 j - a ring of poison resistance (right hand)
 k - an amulet of regeneration (around neck)
 p - a cursed ring of teleportation (left hand)
Wands
 l - a wand of digging (5)
 q - a wand of paralysis (12)
Scrolls
 g - 2 scrolls of blinking
 h - 9 scrolls of identify
 m - 4 scrolls of teleportation
 v - a scroll of remove curse
Potions
 i - 2 potions of lignification
 s - a potion of flight
Comestibles
 c - 11 rations
 u - a chunk of flesh


   Skills:
 - Level 3.6 Fighting
 + Level 12.2 Maces & Flails
 - Level 2.4 Armour
 - Level 2.1 Dodging


You had 7 spell levels left.
You didn't know any spells.
Your spell library was empty.

Dungeon Overview and Level Annotations

Branches:
Dungeon (6/15)
 Temple: D:4-7

Altars:
Gozag
Hepliaklqana

Shops:
D:4 ?


Innate Abilities, Weirdness & Mutations

You reflexively headbutt those who attack you in melee.
You have a pair of horns on your head.
You have very sharp teeth.
You are agile. (Dex +2)
Your spells are a little harder to cast, but a little more powerful.


Message History

You feel the power of Trog in you as your rage grows.
You kill the hound!
Trog accepts your kill.
The orc warrior hits you with a +0 trident!
* * * LOW HITPOINT WARNING * * *
Found a hazy altar of Hepliaklqana.
Things that are here:
a +0 flail; a +0 leather armour You barely miss the orc warrior.
Your headbutt misses the orc warrior. Your bite misses the orc warrior.
The orc warrior hits you with a +0 trident.
* * * LOW HITPOINT WARNING * * *
You barely miss the orc warrior. You completely miss the orc warrior.
You headbutt the orc warrior, but do no damage.
You thump the orc warrior! You freeze the orc warrior.
You bite the orc warrior.
The orc warrior is severely wounded.
The orc warrior hits you with a +0 trident!
You die...

_.#............
...#.............
.................
................
.................. ...
#.............
...##...%o........
........(@).......
..................
.................
..##.........>...........
#.....................
#.....................
#.....................
#.....................
#.....................


You could see an orc warrior.

Vanquished Creatures
  A hungry ghost (D:4)
  2 phantoms
  An ogre (D:4)
  A centaur (D:5)
  3 scorpions
  A howler monkey (D:5)
  A crimson imp (D:5)
  A centaur skeleton (D:5)
  A hound (D:6)
  3 orc wizards
  Jessica (D:2)
  Ijyb (D:3)
  7 worker ants
  A killer bee zombie (D:5)
  Robin (D:4)
  5 adders
  4 gnolls (D:2)
  An ooze (D:2)
  3 dart slugs
  3 worms
  4 leopard geckos
  15 orcs
  9 bats
  5 giant cockroaches
  20 goblins
  5 hobgoblins
  6 jackals (D:4)
  4 kobolds
  2 quokkas
  2 ball pythons
  2 frilled lizards
  A jackal skeleton (D:4)
  A leopard gecko skeleton (D:4)
  5 rats
123 creatures vanquished.

Notes
Turn   | Place    | Note
-------+----------+-------------------------------------------
     0 | D:1      | Curus the Minotaur Berserker began the quest for the Orb.
     0 | D:1      | Reached XP level 1. HP: 19/19 MP: 0/0
    25 | D:1      | Reached skill level 4 in Maces & Flails
    84 | D:1      | Reached XP level 2. HP: 22/26 MP: 1/1
   655 | D:2      | Reached skill level 5 in Maces & Flails
   655 | D:2      | Reached XP level 3. HP: 31/31 MP: 2/2
   683 | D:2      | Gained mutation: You are frail. (-10% HP) [potion of
                  | mutation]
   683 | D:2      | Gained mutation: Your spells are a little harder to cast,
                  | but a little more powerful. [potion of mutation]
   683 | D:2      | Gained mutation: You are partially covered in slimy green
                  | scales. (AC +2) [potion of mutation]
   696 | D:2      | Reached skill level 6 in Maces & Flails
   696 | D:2      | Reached XP level 4. HP: 9/35 MP: 3/3
   721 | D:2      | Noticed Jessica
   730 | D:2      | Killed Jessica
   875 | D:2      | Reached ** piety under Trog
  1232 | D:3      | Reached XP level 5. HP: 40/40 MP: 4/4
  1247 | D:3      | Reached skill level 7 in Maces & Flails
  1316 | D:3      | Noticed Ijyb
  1339 | D:3      | Killed Ijyb
  1533 | D:3      | Reached skill level 8 in Maces & Flails
  1798 | D:4      | Noticed a hungry ghost
  1807 | D:4      | Killed a hungry ghost
  1807 | D:4      | Reached *** piety under Trog
  1807 | D:4      | Reached skill level 9 in Maces & Flails
  1807 | D:4      | Reached XP level 6. HP: 45/45 MP: 5/5
  1930 | D:4      | Found Xeomp's Magic Scroll Shop.
  1973 | D:4      | Bought a scroll of brand weapon for 200 gold pieces
  2015 | D:4      | Reached XP level 7. HP: 46/51 MP: 6/6
  2136 | D:4      | Noticed Robin
  2153 | D:4      | Killed Robin
  2153 | D:4      | Reached skill level 10 in Maces & Flails
  2170 | D:4      | Reached **** piety under Trog
  2363 | D:4      | Found an opulent altar of Gozag.
  2775 | D:5      | Entered Level 5 of the Dungeon
  2889 | D:5      | Reached skill level 11 in Maces & Flails
  2989 | D:5      | Reached XP level 8. HP: 57/57 MP: 7/7
  3531 | D:5      | Lost mutation: You are partially covered in slimy green
                  | scales. (AC +2) [potion of mutation]
  3531 | D:5      | Lost mutation: You are frail. (-10% HP) [potion of
                  | mutation]
  3531 | D:5      | Gained mutation: You are agile. (Dex +2) [potion of
                  | mutation]
  3531 | D:5      | Gained mutation: You have very sharp teeth. [potion of
                  | mutation]
  3563 | D:6      | Reached skill level 12 in Maces & Flails
  3607 | D:6      | Found a hazy altar of Hepliaklqana.
  3608 | D:6      | HP: 4/96 [orc warrior/+0 trident (6)]
  3611 | D:6      | Mangled by an orc warrior

Levels and vault maps discovered:
D:1:      dpeg_arrival_radiant, layout_basic
D:2:      layout_basic, first_ration, uniq_jessica
D:3:      layout_loops_ring, uniq_ijyb
D:4:      kennysheep_goblin_castle, layout_rooms, serial_shops, shop,
          grunt_gozag_statues
D:5:      layout_basic
D:6:      layout_gridville, overflow_temple_1_default,
          grunt_temple_overflow_open, okawaru_ov_weapons_minmay

Skill      XL: |  1  2  3  4  5  6  7  8 |
---------------+-------------------------+-----
Maces & Flails | 4 5 6 9 11 12 | 12.2
Fighting       | |  3.6
Armour         | |  2.4
Dodging        | |  2.1

Action                   |  1- 3 |  4- 6 |  7- 9 || total
-------------------------+-------+-------+-------++-------
Melee: Mace              |    46 |   103 |       ||   149
       Headbutt          |     8 |    22 |    30 ||    60
       Whip              |       |    66 |    46 ||   112
       Flail             |       |       |   100 ||   100
       Bite              |       |       |     1 ||     1
Invok: Berserk           |     1 |     1 |     1 ||     3
  Use: Scroll            |     5 |     1 |     3 ||     9
       Potion            |     2 |     4 |     4 ||    10
  Eat: Chunk             |       |     3 |     1 ||     4
       Ration            |       |     1 |     1 ||     2
Armor: Animal skin       |     1 |       |       ||     1
       Chain mail        |    33 |   117 |    22 ||   172
       Plate armour      |       |       |    63 ||    63
Dodge: Dodged            |    34 |    55 |    55 ||   144
